 Dungeon Crawl Stone Soup version 0.21.1-1-g345015fe64 (webtiles) character file.

1355 Ivernyr the Covered (level 8, -2/61 HPs)
             Began as a Demonspawn Skald on Apr 28, 2018.
             Was a Believer of Nemelex Xobeh.
             Slain by a mummy (11 damage)
             ... in an ossuary.
             The game lasted 00:15:53 (8676 turns).

Ivernyr the Covered (Demonspawn Skald)              Turns: 8676, Time: 00:15:53

Health: -2/61      AC:  7    Str: 12      XL:     8   Next: 37%
Magic:  4/11       EV: 12    Int: 14      God:    Nemelex Xobeh [**....]
Gold:   353        SH:  0    Dex: 13 (15) Spells: 6/11 levels left

rFire    . . .     SeeInvis .   a - +1 long sword
rCold    . . .     Gourm    .   (no shield)
rNeg     . . .     Faith    .   b - +0 leather armour
rPois    .         Spirit   .   (helmet restricted)
rElec    .         Reflect  .   z - +0 cloak
rCorr    .         Harm     .   i - +0 pair of gloves
MR       +....                  u - +0 pair of boots
Stlth    +.........             (no amulet)
HPRegen  0.20/turn              n - ring of protection from magic
MPRegen  0.12/turn              (no ring)

@: shrouded, singing
A: horns 1
a: Renounce Religion


You were in an ossuary.
You worshipped Nemelex Xobeh.
Nemelex Xobeh was pleased with you.
You were hungry.

You visited 1 branch of the dungeon, and saw 7 of its levels.
You also visited: Ossuary.

You collected 353 gold pieces.

Inventory:

Hand Weapons
 a - a +1 long sword (weapon)
Armour
 b - a +0 leather armour (worn)
 h - a +0 buckler
 i - a +0 pair of gloves (worn)
 u - a +0 pair of boots (worn)
 z - a +0 cloak (worn)
Jewellery
 n - a ring of protection from magic (left hand)
 C - an uncursed ring of magical power {unknown}
Wands
 j - a wand of enslavement (23)
 D - a wand of flame (27)
Scrolls
 p - a scroll of identify {unknown}
 q - a scroll of amnesia {unknown}
 r - 5 scrolls of enchant armour {unknown}
 t - a scroll of magic mapping
 v - a scroll of holy word {unknown}
 w - a scroll of remove curse
 x - 2 scrolls of noise {unknown}
 E - a scroll of teleportation
 F - a scroll of blinking {unknown}
Potions
 e - 2 potions of curing
 f - 2 potions of heal wounds
 g - 2 potions of agility
 l - 3 potions of flight {unknown}
 o - a potion of resistance {unknown}
Books
 c - a book of Battle

   Spells                             Type                      Level
   a - Infusion                       Charms                       1
   b - Shroud of Golubria             Charms/Translocation         2
   c - Song of Slaying                Charms                       2
   d - Spectral Weapon                Hexes/Charms                 3
   e - Regeneration                   Charms/Necromancy            3
 y - a book of Flames

   Spells                             Type                      Level
   a - Flame Tongue                   Conjuration/Fire             1
   b - Throw Flame                    Conjuration/Fire             2
   c - Conjure Flame                  Conjuration/Fire             3
   d - Inner Flame                    Hexes/Fire                   3
   e - Sticky Flame                   Conjuration/Fire             4
   f - Fireball                       Conjuration/Fire             5
Miscellaneous
 k - an ornate deck of summoning
 m - a plain deck of summoning {drawn: 2}
 s - a plain deck of summoning
 A - a legendary deck of destruction
 B - a legendary deck of summoning
 G - a plain deck of destruction
Comestibles
 d - 10 rations


   Skills:
 + Level 4.9 Fighting
 + Level 4.4 Long Blades
 * Level 5.9 Armour
 - Level 1.7 Dodging
 - Level 2.0 Spellcasting
 + Level 4.9 Charms


You had 6 spell levels left.
You knew the following spells:

 Your Spells              Type           Power        Failure   Level  Hunger
a - Shroud of Golubria    Chrm/Tloc      #.........   16%         2    ###....
b - Song of Slaying       Chrm           ###.....     6%          2    ###....
c - Infusion              Chrm           ###.         3%          1    ##.....


Dungeon Overview and Level Annotations

Branches:
Dungeon (7/15)             Temple (0/1) D:5

Altars:
Cheibriados
Nemelex Xobeh
Vehumet


Innate Abilities, Weirdness & Mutations

You have a pair of small horns on your head.


Message History

The orc zombie hits you but does no damage.
The mummy misses you. The adder zombie closely misses you.
Casting: Song of Slaying
Confirm with . or Enter, or press ? or * to list all spells.
Space distorts slightly along a thin shroud covering your body.
The elf zombie hits you but does no damage.
Your shroud bends the elf zombie's attack away.
The adder zombie barely misses you.
You riposte.
You slash the adder zombie!
The adder zombie is almost destroyed.
The elf zombie barely misses you.
You riposte.
You barely miss the elf zombie.
The elf zombie is lightly damaged.
Your shroud bends the hobgoblin zombie's attack away.
The orc zombie closely misses you.
Okay, then.
Evoke which item? (* to show all) (? for menu, Esc to quit)
You draw a card...
It is the Rangers.
The elf zombie hits you.
* * * LOW HITPOINT WARNING * * *
The mummy hits you!
You die...
Your body disappears without a glow.

................
...............#
...............##
.................
.................
.................
.........Z.......
......∩ZZZZ......
.......ZZ@Z......
.......NZ.M......
..........c......
...............##
...............#
.................
.................
...#####.......


You could see a mummy, an adder zombie, a goblin zombie, a hobgoblin zombie, a
big kobold zombie, 2 orc zombies, 3 elf zombies, a friendly naga sharpshooter
and a friendly centaur.

Vanquished Creatures
  Sigmund (D:3)
  A sky beast (D:5)
  A phantom (D:7)
  An ogre (D:4)
  A centaur (D:5)
  A howler monkey (D:5)
  A crimson imp (D:5)
  A quasit (D:6)
  4 orc priests
  A bullfrog skeleton (D:6)
  A centaur skeleton (D:5)
  A hound (D:6)
  3 orc wizards
  Crazy Yiuf (D:5)
  An iguana (D:6)
  4 worker ants
  Terence (D:3)
  A mummy (D:7)
  2 worker ant zombies
  A gnoll (D:1)
  6 adders
  A shadow imp (D:5)
  An adder skeleton (D:5)
  4 worms
  2 dart slugs
  9 leopard geckos
  21 orcs
  5 giant cockroaches
  7 goblins
  11 hobgoblins
  8 jackals
  A quokka (D:6)
  9 bats
  5 frilled lizards
  A jackal zombie (Ossuary)
  4 kobolds
  A leopard gecko skeleton (D:4)
  An orc zombie (Ossuary)
  A quokka skeleton (D:5)
  6 rats
  A rat zombie (Ossuary)
134 creatures vanquished.

Vanquished Creatures (collateral kills)
  The ghost of dracomuter the Cudgeler, an amateur TrCK of Xom (D:3)
1 creature vanquished.

Grand Total: 135 creatures vanquished

Notes
Turn   | Place    | Note
-------+----------+-------------------------------------------
     0 | D:1      | Ivernyr the Demonspawn Skald began the quest for the Orb.
     0 | D:1      | Reached XP level 1. HP: 16/16 MP: 3/3
    11 | D:1      | Reached skill level 1 in Armour
   413 | D:1      | Gained mutation: You have a pair of small horns on your head. [demonic ancestry]
   413 | D:1      | Reached XP level 2. HP: 15/22 MP: 5/5
   600 | D:1      | Learned a level 2 spell: Song of Slaying
   603 | D:1      | Learned a level 2 spell: Shroud of Golubria
   661 | D:1      | Reached XP level 3. HP: 7/28 MP: 2/6
  1237 | D:2      | Reached skill level 2 in Armour
  1467 | D:2      | Found a sparkling altar of Nemelex Xobeh.
  1477 | D:2      | Became a worshipper of Nemelex Xobeh the Trickster
  1538 | D:2      | Received a gift from Nemelex Xobeh
  2143 | D:2      | Reached XP level 4. HP: 34/34 MP: 4/7
  2274 | D:2      | Found a snail-covered altar of Cheibriados.
  2466 | D:2      | Found a radiant altar of Vehumet.
  2589 | D:2      | Reached * piety under Nemelex Xobeh
  3103 | D:3      | Noticed Terence
  3148 | D:3      | Killed Terence
  3260 | D:3      | Noticed Sigmund
  3315 | D:3      | Killed Sigmund
  3315 | D:3      | Reached skill level 3 in Armour
  3315 | D:3      | Reached XP level 5. HP: 6/41 MP: 8/8
  3315 | D:3      | Reached XP level 6. HP: 7/47 MP: 9/9
  4340 | D:3      | Reached skill level 4 in Armour
  4888 | D:3      | Noticed dracomuter's ghost (amateur TrCK)
  4920 | D:3      | Killed dracomuter's ghost
  4920 | D:3      | Reached XP level 7. HP: 46/53 MP: 10/10
  5216 | D:4      | Received a gift from Nemelex Xobeh
  5374 | D:4      | Reached ** piety under Nemelex Xobeh
  6151 | D:5      | Entered Level 5 of the Dungeon
  6184 | D:5      | Received a gift from Nemelex Xobeh
  6195 | D:5      | Reached skill level 5 in Armour
  6354 | D:5      | Found a staircase to the Ecumenical Temple.
  6440 | D:5      | Found a radiant altar of Vehumet.
  6607 | D:5      | Reached XP level 8. HP: 9/61 MP: 8/11
  7077 | D:5      | Found a runed door.
  7199 | D:5      | Noticed Crazy Yiuf
  7206 | D:5      | Killed Crazy Yiuf
  7567 | D:6      | Received a gift from Nemelex Xobeh
  7735 | D:6      | Reached *** piety under Nemelex Xobeh
  8058 | D:6      | Received a gift from Nemelex Xobeh
  8558 | D:7      | Found the +8 glaive of the Guard {elec, +Rage AC+5 SInv}
  8606 | D:7      | Received a gift from Nemelex Xobeh
  8649 | D:7      | Found a sand-covered staircase.
  8658 | Ossuary  | Entered an ossuary
  8676 | Ossuary  | Slain by a mummy

Skill      XL: |  1  2  3  4  5  6  7 |
---------------+----------------------+-----
Armour         | 1 2 3 4 5 |  5.9
Long Blades    | 2 3 4 |  4.4
Charms         | 3 4 |  4.9
Fighting       | 3 4 |  4.9
Dodging        | |  1.7
Spellcasting   | |  2.0

Action                   |  1- 3 |  4- 6 |  7- 9 || total
-------------------------+-------+-------+-------++-------
Melee: Falchion          |   129 |   152 |    17 ||   298
       Headbutt          |    13 |    29 |    43 ||    85
       Long sword        |       |       |   181 ||   181
 Cast: Shroud of Golubri |     4 |    13 |    20 ||    37
       Song of Slaying   |     2 |     3 |     2 ||     7
Evoke: Deck              |       |     1 |     1 ||     2
  Use: Potion            |       |     3 |       ||     3
       Scroll            |       |       |     7 ||     7
 Stab: Sleeping          |       |       |     1 ||     1
  Eat: Chunk             |     4 |     7 |     7 ||    18
       Ration            |       |     1 |     2 ||     3
Armor: Leather armour    |    36 |    27 |   100 ||   163
Dodge: Dodged            |    87 |    96 |   216 ||   399
       Rpst.: Falchion   |    28 |    40 |     3 ||    71
       Long sword        |       |       |    51 ||    51
